 Dungeon Crawl Stone Soup version 0.26-a0-61-g6c07f0ee8d (webtiles) character file.

Game seed: 1957882973391356894

41 Gwenloh the Vexing (level 3, -7/15 HPs)
             Began as a Felid Enchanter on June 10, 2020.
             Mangled by a worm (9 damage)
             ... on level 2 of the Dungeon.
             The game lasted 00:06:53 (1354 turns).

Gwenloh the Vexing (Felid Enchanter)                Turns: 1354, Time: 00:06:53

Health: -7/15      AC:  1    Str:  4    XL:     3   Next: 32%
Magic:  3/7        EV: 18    Int: 23    God:
Gold:   69         SH:  0    Dex: 16    Spells: 0/6 levels left
                                        Lives:  0   Deaths: 0

rFire    . . .     SeeInvis +     - Unarmed
rCold    . . .     Gourm    .   (shield unavailable)
rNeg     . . .     Faith    .   (armour unavailable)
rPois    .         Spirit   .   (helmet unavailable)
rElec    .         Reflect  .   (cloak unavailable)
rCorr    .         Harm     .   (gloves unavailable)
MR       .....                  (boots unavailable)
Stlth    +++.......             (no amulet)
HPRegen  0.05/turn              c - +6 ring of intelligence
MPRegen  0.10/turn              (no ring)

@: quick
A: very small, no armour, no weapons or thrown items, stealth, claws 1, fangs 3,
see invisible, carnivore, speed 1, shaggy fur 1, slow metabolism 1, sharp paws
a: no special abilities


You were on level 2 of the Dungeon.
You were very full.

You visited 1 branch of the dungeon, and saw 2 of its levels.

You collected 69 gold pieces.

Inventory:

Jewellery
 c - a +6 ring of intelligence (left paw)
Scrolls
 a - 2 scrolls of remove curse {unknown}
 e - a scroll of identify {unknown}
 g - a scroll of noise {unknown}
Potions
 d - 2 potions of curing {unknown}
 h - a potion of heal wounds {unknown}
Comestibles
 b - 2 rations
 f - 5 chunks of flesh


   Skills:
 * Level 1.2 Fighting
 * Level 3.2 Dodging
 + Level 4.3 Stealth
 * Level 1.7 Unarmed Combat
 + Level 2.2 Spellcasting
 + Level 4.6 Hexes


You couldn't memorise any spells.
You knew the following spells:

 Your Spells              Type           Power        Failure   Level  Hunger
a - Corona                Hex            ###....      1%          1    None
b - Ensorcelled Hibernat  Hex/Ice        ##....       8%          2    ##.....
c - Tukima's Dance        Hex            ###.....     5%          3    ###....

Your spell library contained the following spells:

 Spells                   Type           Power        Failure   Level  Hunger
 Confusing Touch          Hex            ###.....     5%          3    ###....
 Dazzling Flash           Conj/Hex       ##....       14%         3    ###....


Dungeon Overview and Level Annotations

Branches:
Dungeon (2/15)

Altars:


Innate Abilities, Weirdness & Mutations

You cannot wear armour.
You are incapable of wielding weapons or throwing items.
Your paws allow you to move quietly. (Stealth)
You have sharp claws.
You have razor-sharp teeth.
You have supernaturally acute eyesight. (SInv)
You are carnivorous and can eat meat at any time.
You cover ground quickly.
You are covered in fur. (AC +1)
You have a slow metabolism.
Your sharp claws are effective at attacking unaware monsters.


Message History

a chunk of flesh; an adder skeleton
f - 5 chunks of flesh (gained 1)
Casting: Ensorcelled Hibernation (safe; 8% risk of failure)
Confirm with . or Enter, or press ? or * to list all spells.
Aiming: Ensorcelled Hibernation (safe; 8% risk of failure)
Press: ? - help, Shift-Dir - straight line, f/p - worm
Aim: a worm (chance to defeat MR: 52%)
The worm resists with significant effort.
Casting: Ensorcelled Hibernation (safe; 8% risk of failure)
Confirm with . or Enter, or press ? or * to list all spells.
Aiming: Ensorcelled Hibernation (safe; 8% risk of failure)
Press: ? - help, Shift-Dir - straight line, f/p - worm
Aim: a worm (chance to defeat MR: 52%)
The worm looks drowsy...
The helpless worm fails to defend itself.
You claw the worm! You bite the worm.
The worm is severely wounded.
The worm bites you!
Ouch! That really hurt!
You die...

... #.# ####.####.#
#...[.....#
#.##.#.##.#
.....#w##.##
###.......# #.####..#
#.####..#
#.######@w.....##
#.....รท..####...##
#........# #....#
..........# #....#
###...#...# ####.# #.
#.......# #.# ..
#.......# #.# ##..
#.......#######.#
...######.####.......#


You could see a worm.

Vanquished Creatures
  2 adders (D:2)
  A dart slug (D:1)
  A leopard gecko (D:1)
  A ball python (D:1)
  3 giant cockroaches
  2 goblins (D:1)
  2 hobgoblins (D:1)
  A bat (D:1)
  A frilled lizard (D:1)
  3 kobolds (D:1)
  3 rats
20 creatures vanquished.

Notes
Turn   | Place    | Note
-------+----------+-------------------------------------------
     0 | D:1      | Gwenloh the Felid Enchanter began the quest for the Orb.
     0 | D:1      | Reached XP level 1. HP: 7/7 MP: 4/4
   661 | D:1      | Reached XP level 2. HP: 12/12 MP: 6/6
   678 | D:1      | Learned a level 2 spell: Ensorcelled Hibernation
  1195 | D:2      | Reached skill level 1 in Fighting
  1195 | D:2      | Reached XP level 3. HP: 12/15 MP: 4/7
  1245 | D:2      | Learned a level 3 spell: Tukima's Dance
  1354 | D:2      | Mangled by a worm

Illustrated notes

Levels and vault maps discovered:
D:1:      evilmike_arrival_crescent, layout_loops_ring
D:2:      layout_loops_cross, gammafunk_temple_overflow_forgotten, first_ration

Skill      XL: |  1  2 |
---------------+-------+-----
Dodging        | 3 |  3.2
Fighting       | 1 |  1.2
Stealth        | |  4.3
Unarmed Combat | |  1.7
Spellcasting   | |  2.2
Hexes          | |  4.6

Action                   || total
-------------------------++-------
Melee: Unarmed           ||    39
       Bite              ||     2
 Cast: Corona            ||     5
       Ensorcelled Hiber ||    12
 Stab: Sleeping          ||    16
  Eat: Chunk             ||     8
Armor: Skin              ||     2
Dodge: Dodged            ||    24

Table legend:
 A = Non-vault XP
 B = Vault XP
 C = Vault XP percentage of total XP
 D = Non-vault monster count
 E = Vault monster count
 F = Vault count percentage of total count
                 A         B        C        D         E       F
            +---------+---------+-------+---------+---------+-------
      Total |      59 |       0 |   0.0 |      20 |       0 |   0.0
            +---------+---------+-------+---------+---------+-------
        D:1 |      30 |       0 |   0.0 |      16 |       0 |   0.0
        D:2 |      29 |       0 |   0.0 |       4 |       0 |   0.0
            +---------+---------+-------+---------+---------+-------
